Map: Dusk Towers

Players

Fropez - Winner!

  • Race: Protoss Protoss
  • League: Silver
  • Spawn Location: 1:00

ZEALOP

  • Race: Protoss Protoss
  • League: Silver
  • Spawn Location: 7:00

VOD

Have the link to the VOD?

Description

Time

  • Played on: May 4, 2016, 1:50 p.m.
  • Length: 20:50
Show
View Real Time Build Order
Export as new Build Order

Fropez Protoss - Winner!

Build Orders: Oracle Opening 

Get SALT Encoding   

  12  0:01  Probe (Chrono Boost)  
  13  0:17  Pylon  
  13  0:19  Probe (Chrono Boost)  
  14  0:29  Probe (Chrono Boost)  
  15  0:36  Gateway  
  15  0:40  Probe (Chrono Boost)  
  16  0:54  Pylon  
  16  1:01  Probe (Chrono Boost)  
  16  1:04  Pylon  
  17  1:09  Assimilator  
  17  1:12  Probe (Chrono Boost)  
  18  1:28  Probe (Chrono Boost)  
  19  1:45  Cybernetics Core  
  20  1:47  Probe (Chrono Boost)  
  20  1:50  Assimilator  
  20  1:57  Probe (Chrono Boost)  
  22  2:11  Nexus  
  22  2:15  Probe (Chrono Boost)  
  22  2:31  Stargate  
  22  2:34  Probe (Chrono Boost)  
  22  2:48  Mothership Core (Chrono Boost)  
  24  2:59  Pylon  
  24  3:06  Probe (Chrono Boost)  
  25  3:16  Probe (Chrono Boost)  
  26  3:24  Pylon  
  26  3:26  Probe (Chrono Boost)  
  27  3:28  Probe (Chrono Boost)  
  27  3:30  Oracle  
  31  3:37  Pylon, Probe (Chrono Boost)  
  32  3:42  Probe (Chrono Boost)  
  32  3:44  Assimilator  
  32  3:47  Probe (Chrono Boost)  
  34  3:48  Warp Gate (Chrono Boost)  
  34  3:49  Assimilator  
  34  3:54  Pylon  
  34  3:57  Probe  
  34  4:01  Probe  
  36  4:08  Oracle  
  36  4:09  Probe  
  37  4:13  Probe  
  41  4:29  Probe  
  42  4:39  Oracle  
  45  4:47  Pylon  
  45  4:51  Pylon  
  45  4:54  Robotics Facility  
  45  5:11  Oracle  
  45  5:21  Probe  
  49  5:24  Stargate  
  49  5:35  Gateway  
  49  5:37  Pylon  
  49  5:38  Gateway  
  49  5:42  Pylon  
  49  5:43  Probe  
  49  5:46  Observer  
  49  5:49  Pylon, Oracle  
  51  5:50  Probe  
  55  6:07  Phoenix  
  57  6:21  Phoenix  
  57  6:25  Probe  
  60  6:26  Probe  
  60  6:30  Immortal  
  60  6:32  Phoenix  
  65  6:37  Probe, Protoss Air Weapons Level 1 (Chrono Boost)  
  65  6:39  Probe  
  60  7:22  Phoenix (Chrono Boost)  
  66  7:35  Pylon  
  66  7:38  Immortal  
  70  7:45  Oracle (Chrono Boost)  
  70  7:51  Phoenix (Chrono Boost)  
  71  8:02  Stalker x3  
  71  8:03  Probe  
  71  8:04  Probe  
  81  8:12  Phoenix (Chrono Boost)  
  81  8:15  Probe  
  81  8:16  Void Ray (Chrono Boost), Probe  
  81  8:18  Observer  
  81  8:19  Pylon  
  88  8:25  Pylon  
  88  8:36  Pylon  
  88  8:40  Nexus  
  90  8:41  Phoenix (Chrono Boost)  
  90  8:43  Assimilator  
  90  8:44  Protoss Air Armor Level 1  
  90  8:47  Assimilator  
  90  8:50  Pylon  
  90  8:51  Pylon  
  90  8:54  Pylon  
  89  8:57  Probe  
  89  8:58  Pylon, Probe  
  91  9:05  Phoenix (Chrono Boost)  
  91  9:07  Phoenix (Chrono Boost)  
  95  9:10  Zealot  
  95  9:11  Zealot x2  
  95  9:14  Probe  
  95  9:15  Probe  
  103  9:21  Gateway  
  103  9:22  Gateway  
  103  9:28  Probe  
  103  9:30  Probe  
  105  9:35  Pylon  
  105  9:37  Forge  
  105  9:42  Twilight Council  
  105  9:48  Void Ray (Chrono Boost)  
  109  9:55  Void Ray (Chrono Boost)  
  109  9:59  Zealot  
  115  10:04  Zealot  
  117  10:19  Gateway  
  117  10:24  Probe  
  117  10:25  Probe x2  
  120  10:35  Photon Cannon  
  120  10:39  Probe  
  120  10:40  Probe  
  120  10:41  Photon Cannon  
  122  10:43  Gateway  
  122  10:46  Gateway  
  122  10:48  Probe  
  122  10:50  Charge (Chrono Boost), Protoss Ground Weapons Level 1  
  123  11:03  Zealot x3  
  129  11:07  Void Ray  
  133  11:14  Immortal (Chrono Boost)  
  133  11:15  Probe  
  134  11:36  Probe  
  135  11:44  Fleet Beacon  
  135  11:50  Probe  
  135  11:51  Probe  
  135  11:52  Observer (Chrono Boost)  
  138  11:54  Pylon, Phoenix  
  138  11:55  Phoenix  
  142  12:02  Stalker x3  
  144  12:15  Probe  
  143  12:17  Probe  
  143  12:19  Phoenix  
  143  12:20  Phoenix  
  148  12:23  Warp Prism (Chrono Boost)  
  148  12:24  Photon Cannon  
  148  12:28  Anion Pulse-Crystals (Chrono Boost)  
  150  12:36  Photon Cannon  
  150  12:44  Phoenix  
  150  12:45  Phoenix  
  150  12:46  Probe x2  
  150  12:47  Probe  
  150  12:50  Stargate  
  157  13:06  Nexus  
  157  13:10  Assimilator  
  157  13:13  Probe x2  
  157  13:14  Probe, Assimilator  
  157  13:17  Protoss Ground Weapons Level 2  
  160  13:22  Immortal  
  160  13:26  Stalker  
  166  13:31  Pylon  
  166  13:34  Pylon  
  166  13:44  Pylon  
  166  13:47  Robotics Bay  
  166  13:49  Pylon  
  166  13:50  Pylon  
  166  13:58  Pylon  
  166  14:21  Nexus  
  166  14:23  Assimilator  
  163  14:27  Assimilator  
  163  14:30  Pylon  
  163  14:31  Pylon  
  163  14:47  Zealot x3  
  163  14:48  Zealot x4  
  153  14:53  Carrier  
  153  14:58  Observer Gravitic Boosters  
  159  15:01  Protoss Air Weapons Level 2 (Chrono Boost)  
  159  15:10  Phoenix x2  
  163  15:17  Observer  
  164  15:31  Pylon  
  164  15:33  Pylon  
  164  15:35  Phoenix x2  
  168  15:38  Observer  
  169  15:44  Protoss Ground Weapons Level 3 (Chrono Boost)  
  169  15:53  Photon Cannon  
  169  15:55  Gravitic Drive  
  169  16:00  Phoenix x2, Observer  
  174  16:08  Nexus  
  174  16:10  Assimilator  
  174  16:14  Assimilator, Photon Cannon  
  174  16:17  Photon Cannon  
  174  16:19  Carrier, Pylon  
  174  16:20  Gateway  
  174  16:21  Pylon, Observer  
  174  16:22  Gateway  
  174  16:25  Probe  
  182  16:28  Graviton Catapult  
  182  16:38  Zealot x7  
  196  16:42  Observer  
  170  17:04  Observer  
  116  17:22  Zealot  
  116  17:23  Zealot x6  
  116  17:25  Observer  
  136  17:37  Carrier  
  134  17:47  Observer  
  135  17:53  Stargate  
  135  17:54  Probe, Stargate  
  135  17:55  Probe  
  135  17:57  Zealot x6  
  101  18:28  Protoss Ground Armor Level 1 (Chrono Boost)  
  101  18:33  Stalker x3  
  101  18:34  Stalker x3  
  101  18:38  Carrier  
  101  18:39  Carrier  
  115  19:01  Stalker x6  
  115  19:02  Stalker  
  129  19:03  Carrier  
  121  19:36  Stalker  
  121  19:37  Stalker x6  
  135  19:48  Gateway x2  
  135  19:49  Gateway  
  135  19:53  Gateway  
  135  19:54  Gateway  
  135  19:56  Pylon  
  135  19:59  Dark Shrine  
  135  20:00  Pylon, Templar Archives  
  135  20:04  Pylon  
  135  20:09  Pylon  
  135  20:11  Gateway  
Show
View Real Time Build Order
Export as new Build Order

ZEALOP Protoss 

Build Orders:  

Get SALT Encoding   

  12  0:01  Probe (Chrono Boost)  
  13  0:13  Pylon  
  13  0:17  Probe (Chrono Boost)  
  14  0:28  Probe (Chrono Boost)  
  15  0:34  Gateway  
  15  0:39  Probe (Chrono Boost)  
  16  0:49  Pylon, Probe (Chrono Boost)  
  17  1:00  Probe (Chrono Boost)  
  18  1:10  Probe (Chrono Boost)  
  19  1:25  Cybernetics Core  
  19  1:32  Gateway  
  19  1:35  Assimilator  
  19  1:41  Assimilator  
  19  1:42  Forge  
  19  1:44  Zealot  
  21  1:52  Probe (Chrono Boost)  
  22  2:02  Probe (Chrono Boost)  
  23  2:13  Probe (Chrono Boost)  
  24  2:21  Stalker  
  26  2:23  Probe (Chrono Boost)  
  26  2:29  Warp Gate (Chrono Boost)  
  27  2:39  Nexus  
  27  2:43  Assimilator  
  27  2:47  Assimilator  
  27  2:58  Protoss Shields Level 1 (Chrono Boost)  
  27  3:10  Probe  
  28  3:15  Stalker  
  30  3:22  Probe  
  30  3:23  Pylon  
  31  3:27  Pylon  
  31  3:41  Adept, Mothership Core  
  35  3:50  Photon Cannon  
  35  3:56  Photon Cannon  
  35  4:02  Probe  
  36  4:12  Stargate  
  36  4:36  Stalker  
  36  4:37  Stalker  
  40  4:41  Protoss Air Weapons Level 1  
  40  4:56  Pylon  
  40  5:00  Void Ray  
  40  5:04  Adept  
  37  5:18  Photon Cannon  
  37  5:22  Probe  
  38  5:33  Stalker  
  38  5:34  Probe, Stalker  
  43  5:46  Probe  
  43  5:47  Probe  
  45  5:57  Probe  
  45  5:58  Probe  
  47  6:12  Void Ray  
  51  6:22  Stalker  
  53  6:31  Protoss Ground Weapons Level 1 (Chrono Boost)  
  53  6:32  Probe  
  53  6:35  Probe  
  55  6:43  Probe  
  56  6:48  Probe  
  57  6:56  Protoss Air Armor Level 1  
  57  7:00  Probe  
  53  7:27  Probe  
  54  7:35  Void Ray  
  58  7:38  Probe  
  59  7:47  Pylon  
  59  7:48  Probe  
  60  7:53  Pylon  
  60  7:59  Probe  
  61  8:10  Probe  
  61  8:11  Photon Cannon  
  62  8:14  Photon Cannon  
  62  8:20  Probe x2  
  64  8:31  Probe, Stalker  
  64  8:32  Probe  
  68  8:41  Probe  
  68  8:44  Probe  
  68  8:47  Fleet Beacon  
  70  8:58  Void Ray  
  74  9:03  Protoss Ground Armor Level 1 (Chrono Boost)  
  74  9:05  Stalker  
  74  9:08  Stalker  
  78  9:21  Probe  
  79  9:31  Photon Cannon  
  79  9:34  Photon Cannon  
  85  9:52  Protoss Air Weapons Level 2 (Chrono Boost)  
  85  10:10  Pylon  
  85  10:21  Pylon  
  85  10:24  Pylon  
  85  10:25  Pylon  
  85  10:26  Pylon  
  85  10:28  Void Ray  
  89  10:44  Stalker  
  89  10:45  Stalker  
  93  10:53  Probe  
  94  11:11  Nexus  
  94  11:13  Pylon  
  94  11:15  Assimilator x2  
  94  11:18  Pylon  
  94  11:32  Void Ray  
  98  11:43  Stargate  
  98  11:45  Stargate  
  98  11:50  Photon Cannon  
  98  11:52  Photon Cannon  
  98  11:58  Photon Cannon, Stalker  
  100  12:23  Void Ray  
  100  12:29  Void Ray  
  108  12:32  Void Ray  
  112  12:44  Probe  
  113  12:54  Probe  
  114  12:58  Photon Cannon  
  114  13:00  Photon Cannon  
  114  13:05  Probe  
  115  13:15  Probe  
  115  13:18  Carrier  
  122  13:24  Void Ray  
  122  13:26  Probe  
  127  13:36  Void Ray  
  131  13:50  Probe  
  131  13:55  Graviton Catapult  
  132  14:02  Probe  
  133  14:04  Twilight Council  
  132  14:35  Void Ray  
  136  14:45  Robotics Facility  
  135  15:04  Void Ray x2  
  143  15:14  Stalker  
  145  15:18  Adept  
  147  15:34  Observer  
  148  16:06  Carrier  
  154  16:40  Stalker  
  154  16:45  Void Ray  
  156  16:49  Void Ray  
  142  16:56  Pylon x2  
  92  17:28  Stalker  
  92  17:29  Stalker  
  94  17:51  Void Ray x2  
  94  17:52  Void Ray  
  106  18:02  Mothership Core (Chrono Boost)  
  69  18:34  Void Ray x2  
  77  18:43  Void Ray  
  77  18:47  Stalker x2  
  51  19:44  Stalker x2  
  61  19:55  Void Ray  
Tags
 
Matchup
PvP
Replay Pack
All Mines
Spawn Locations
Cross Positions
Add a new tag
Caveats
  • Supply blocks, unpowered buildings, or Contaminate may cause inaccurate times.
  • Supply counts are checked every 10 seconds.